 Dungeon Crawl Stone Soup version 0.29.0-11-gd7f09526c8 (webtiles) character file.

Game seed: 10516229057200745798

2420955 Jackthecabe the Metallomancer (level 27, 167/167 HPs)
             Began as an Octopode Summoner on Sept 2, 2022.
             Was a High Priest of Hepliaklqana.
             Escaped with the Orb
             ... and 5 runes!
             The game lasted 06:36:55 (105595 turns).

Jackthecabe the Metallomancer (Octopode Summoner) Turns: 105595, Time: 06:36:55

Health: 167/167    AC: 13    Str: 11    XL:     27
Magic:  4/46       EV: 23    Int: 51    God:    Hepliaklqana [*****.]
Gold:   5112       SH: 24    Dex: 18    Spells: 9/64 levels left

rFire   + + +      SeeInvis +   L - +5 rapier of Kismet {freeze, rF++ Int+6}
rCold   + . .      Faith    .   N - +5 kite shield
rNeg    + + .      Spirit   .   V - +0 mask of the Dragon {Will+ Slay+3 SInv}
rPois   .          Reflect  +   W - amulet "Dakkeomm" {Reflect rN+ SH+5}
rElec   .          Harm     .   w - ring "Imnoguf" {rF- rN+ Will+++ rCorr Int+4}
rCorr   +          Rampage  .   F - ring "Otwoh" {rF+ AC+4 Str+3 Dex+4}
Will    +++++      Rage     3%  E - +4 ring of evasion
Stlth   ++........              t - +4 ring of protection
HPRegen 0.37/turn               I - +6 ring of intelligence
MPRegen 0.30/turn               C - ring of protection from cold
                                T - +4 ring of protection
                                x - ring of Law {rF+ Will++ Int+6}

@: studying Unarmed Combat
A: reduced essence, almost no armour, amphibious, 8 rings, camouflage 1,
gelatinous body 1, (nimble swimmer 1), tentacles, berserk 1, deterioration 1,
inability to read after injury 1
0: Orb of Zot
}: 5/15 runes: decaying, slimy, silver, abyssal, gossamer
a: Renounce Religion, Recall Ancestor, Ancestor Identity, Transference, Idealise


You escaped.
You worshipped Hepliaklqana.
Hepliaklqana was extremely pleased with you.
You visited 12 branches of the dungeon, and saw 56 of its levels.
You visited the Abyss 2 times.
You visited 1 bazaar.
You also visited: Trove and Wizlab.

You collected 8471 gold pieces.
You spent 3359 gold pieces at shops.


Innate Abilities, Weirdness & Mutations

Your life essence is reduced to manifest your ancestor. (-10% HP)
You cannot wear most types of armour.
You are amphibious.
You can wear up to eight rings at the same time.
Your skin changes colour to match your surroundings (Stealth+).
Your rubbery body absorbs attacks. (AC +1, EV +1)
((You are camouflaged when in or above water. (Stealth+)))
You have tentacles for arms and can constrict up to eight enemies at once.
You sometimes lose your temper in combat.
Your body sometimes deteriorates upon taking damage.
You occasionally lose the ability to read scrolls when taking damage.


   Skills:
 - Level 15.0 Fighting
 - Level 11.0 Dodging
 - Level 10.0 Stealth
 - Level 15.0 Shields
 + Level 19.0 Spellcasting
 - Level 10.0 Conjurations
 - Level 5.0 Hexes
 - Level 7.0 Summonings
 + Level 23.3 Necromancy
 - Level 12.0 Transmutations
 - Level 10.0 Ice Magic
 - Level 8.0 Air Magic
 - Level 26.0 Earth Magic
 - Level 10.0 Invocations


You had 9 spell levels left.
You knew the following spells:

 Your Spells              Type           Power      Damage    Failure   Level
b - Borgnjor's Vile Clut  Necr/Erth      70%        N/A       0%          5
d - Lee's Rapid Deconstr  Erth           71%        3d33*     0%          5
f - Freezing Cloud        Conj/Ice/Air   48%        6-21      1%          5
h - Haunt                 Necr/Summ      58%        N/A       1%          7
l - Summon Lightning Spi  Summ/Air       90%        N/A       1%          4
s - Simulacrum            Ice/Necr       60%        N/A       1%          6
t - Statue Form           Tmut/Erth      84%        N/A       1%          6
S - Shatter               Erth           71%        3d52*     1%          9
X - Infestation           Necr           68%        N/A       1%          8

Your spell library contained the following spells:

 Spells                   Type           Power      Damage    Failure   Level
 Necrotise                Necr           100%       1d9       0%          1
 Passwall                 Tmut/Erth      100%       N/A       0%          2
 Searing Ray              Conj           100%       2d8       0%          2
 Sublimation of Blood     Necr           100%       N/A       0%          2
 Wereblood                Tmut           100%       N/A       0%          2
 Stone Arrow              Conj/Erth      100%       3d13      0%          3
 Vampiric Draining        Necr           100%       2d13      0%          3
 Anguish                  Hex/Necr       57%        N/A       0%          4
 Animate Dead             Necr           100%       N/A       0%          4
 Dispel Undead            Necr           100%       3d31      0%          4
 Petrify                  Tmut/Erth      100%       N/A       0%          4
 Death Channel            Necr           68%        N/A       0%          6
 Apportation              Tloc           96%        N/A       1%          1
 Foxfire                  Conj/Fire      100%       2x1d9     1%          1
 Slow                     Hex            100%       N/A       1%          1
 Sting                    Tmut/Pois      100%       1d8       1%          1
 Summon Small Mammal      Summ           100%       N/A       1%          1
 Call Imp                 Summ           88%        N/A       1%          2
 Ensorcelled Hibernation  Hex/Ice        100%       N/A       1%          2
 Poisonous Vapours        Pois/Air       100%       N/A       1%          2
 Call Canine Familiar     Summ           88%        N/A       1%          3
 Confusing Touch          Hex            79%        N/A       1%          3
 Conjure Flame            Conj/Fire      79%        6-21      1%          3
 Gell's Gravitas          Tloc           48%        N/A       1%          3
 Ignite Poison            Fire/Tmut/Pois 73%        N/A       1%          3
 Inner Flame              Hex/Fire       65%        N/A       1%          3
 Lesser Beckoning         Tloc           48%        N/A       1%          3
 Ozocubu's Armour         Ice            100%       N/A       1%          3
 Spider Form              Tmut/Pois      83%        N/A       1%          3
 Summon Guardian Golem    Hex/Summ       83%        N/A       1%          3
 Swiftness                Air            92%        N/A       1%          3
 Teleport Other           Tloc           48%        N/A       1%          3
 Tukima's Dance           Hex            79%        N/A       1%          3
 Corpse Rot               Necr/Pois/Air  100%       N/A       1%          4
 Flame Wave               Conj/Fire      79%        2d17      1%          4
 Fulminant Prism          Conj/Hex       45%        3d21      1%          4
 Hailstorm                Conj/Ice       100%       3d20      1%          4
 Ice Form                 Ice/Tmut       100%       N/A       1%          4
 Iskenderun's Mystic Bla  Conj/Tloc      79%        2d16      1%          4
 Sticky Flame             Conj/Fire      79%        2d9       1%          4
 Summon Ice Beast         Ice/Summ       94%        N/A       1%          4
 Alistair's Intoxication  Tmut/Pois      55%        N/A       1%          5
 Blade Hands              Tmut           53%        N/A       1%          5
 Fireball                 Conj/Fire      39%        3d16      1%          5
 Irradiate                Conj/Tmut      51%        3d28      1%          5
 Metabolic Englaciation   Hex/Ice        45%        N/A       1%          5
 Silence                  Hex/Air        43%        N/A       1%          5
 Summon Mana Viper        Hex/Summ       83%        N/A       1%          5
 Yara's Violent Unravell  Hex/Tmut       47%        3d18      1%          5
 Iron Shot                Conj/Erth      62%        9d12      1%          6
 Borgnjor's Revivificati  Necr           68%        N/A       1%          8
 Lehudib's Crystal Spear  Conj/Erth      62%        10d14     2%          8
 Necromutation            Tmut/Necr      61%        N/A       2%          8
 Summon Cactus Giant      Summ           44%        N/A       4%          6
 Death's Door             Necr           68%        N/A       4%          9
 Olgreb's Toxic Radiance  Pois           48%        N/A       5%          4
 Passage of Golubria      Tloc           48%        N/A       5%          4
 Eringya's Noxious Bog    Tmut/Pois      41%        N/A       8%          6
 Ozocubu's Refrigeration  Ice            50%        4d18      8%          7
 Storm Form               Tmut/Air       50%        N/A       8%          7
 Starburst                Conj/Fire      39%        6d11      11%         6
 Manifold Assault         Tloc           48%        N/A       16%         5
 Monstrous Menagerie      Summ           44%        N/A       26%         7
 Summon Hydra             Summ           44%        N/A       26%         7
 Enfeeble                 Hex            39%        N/A       52%         7
 Dispersal                Tloc           24%        N/A       65%         6
 Ignition                 Fire           24%        3d8       100%        8
 Chain Lightning          Conj/Air       48%        3d64      100%        9
 Fire Storm               Conj/Fire      39%        8d10      100%        9
 Animate Armour           Summ/Erth      Unusable   N/A       N/A         4

Inventory:

Hand Weapons
 v - the +3 Elemental Staff {rElec rF++ rC++ AC+5}
   (You found it in a treasure trove)

   If the wielder is skilled in Evocations, they can discharge powerful blasts
   of elemental energy when striking with it.
   It enhances your fire, ice, earth and air magic.
   AC:        It affects your AC (+5).
   rF:        It greatly protects you from fire.
   rC:        It greatly protects you from cold.
   rElec:     It insulates you from electricity.
 L - the +5 rapier of Kismet (weapon) {freeze, rF++ Int+6}
   (You found it on level 11 of the Dungeon)

   It freezes those it strikes, dealing additional cold damage.
   It can also slow down cold-blooded creatures.
   Int:       It affects your intelligence (+6).
   rF:        It greatly protects you from fire.
Armour
 N - a +5 kite shield (worn)
 V - the +0 mask of the Dragon (worn) {Will+ Slay+3 SInv}
   (You acquired it on level 2 of the Spider Nest)

   Slay:      It affects your accuracy & damage with ranged weapons and melee
   (+3).
   SInv:      It lets you see invisible.
   Will:      It increases your willpower.
Jewellery
 e - a +4 ring of evasion
 i - a +6 ring of intelligence
 t - a +4 ring of protection (on tentacle)
 w - the ring "Imnoguf" (left tentacle) {rF- rN+ Will+++ rCorr Int+4}
   (You acquired it on level 4 of the Vaults)

   [ring of resist corrosion]

   Int:       It affects your intelligence (+4).
   rF:        It makes you vulnerable to fire.
   rN:        It protects you from negative energy.
   rCorr:     It protects you from acid and corrosion.
   Will:      It greatly increases your willpower.
 x - the ring of Law (on tentacle) {rF+ Will++ Int+6}
   (You bought it in a shop on level 2 of the Orcish Mines)

   [ring of intelligence]

   Int:       It affects your intelligence (+6).
   rF:        It protects you from fire.
   Will:      It greatly increases your willpower.
 C - a ring of protection from cold (on tentacle)
 E - a +4 ring of evasion (on tentacle)
 F - the ring "Otwoh" (right tentacle) {rF+ AC+4 Str+3 Dex+4}
   (You found it on level 2 of the Realm of Zot)

   [ring of protection]

   AC:        It affects your AC (+4).
   Str:       It affects your strength (+3).
   Dex:       It affects your dexterity (+4).
   rF:        It protects you from fire.
 I - a +6 ring of intelligence (on tentacle)
 R - the ring "Rarogi" {rPois rF+ rCorr}
   (You took it off a tengu reaver on level 1 of the Vaults)

   [ring of resist corrosion]

   rF:        It protects you from fire.
   rPois:     It protects you from poison.
   rCorr:     It protects you from acid and corrosion.
 S - the amulet "Ysmiut" {Acrobat rElec rF+ Dex+2}
   (You found it on level 2 of the Vaults)

   [amulet of the acrobat]

   It increases your evasion while moving and waiting.
   Dex:       It affects your dexterity (+2).
   rF:        It protects you from fire.
   rElec:     It insulates you from electricity.
 T - a +4 ring of protection (on tentacle)
 W - the amulet "Dakkeomm" (around mantle) {Reflect rN+ SH+5}
   (You took it off Jory on level 2 of the Crypt)

   [amulet of reflection]

   It reflects blocked missile attacks.
   rN:        It protects you from negative energy.
   SH:        It affects your SH (+5).
 Z - the ring "Wosaunlodi" {Fly rElec EV+4 Str-3}
   (You found it on level 2 of the Realm of Zot)

   [ring of evasion]

   EV:        It affects your evasion (+4).
   Str:       It affects your strength (-3).
   rElec:     It insulates you from electricity.
   Fly:       It grants you flight.
Wands
 f - a wand of digging (15)
 o - a wand of charming (65)
 p - a wand of roots (31)
 s - a wand of quicksilver (39)
 G - a wand of flame (56)
 M - a wand of mindburst (27)
Scrolls
 b - 9 scrolls of vulnerability
 c - a scroll of acquirement
 d - 10 scrolls of immolation
 h - 5 scrolls of poison
 j - 10 scrolls of teleportation {@r2}
 q - a scroll of magic mapping
 y - 5 scrolls of silence {!r}
 K - 5 scrolls of fear
 O - 8 scrolls of butterflies
 U - 4 scrolls of summoning
Potions
 a - 2 potions of heal wounds {@q2}
 g - 10 potions of might
 l - 5 potions of resistance
 m - 12 potions of flight
 n - 8 potions of brilliance
 u - 8 potions of lignification
 z - 15 potions of curing {@q1}
 A - 9 potions of attraction
 B - 3 potions of cancellation
 D - 6 potions of haste {@q3}
 H - 6 potions of invisibility
 P - 9 potions of ambrosia
 X - 6 potions of berserk rage {!q}
Miscellaneous
 k - a phantom mirror
 r - a lightning rod (4/4)
 J - a box of beasts
 Q - a phial of floods
 Y - a condenser vane

Dungeon Overview and Level Annotations

Branches:
Dungeon (15/15)            Temple (1/1) D:6            Lair (5/5) D:9
  Swamp (4/4) Lair:3       Spider (4/4) Lair:3        Slime (5/5) Lair:5
    Orc (2/2) D:12            Elf (3/3) Orc:2        Vaults (5/5) D:14
  Crypt (3/3) Vaults:2       Tomb (0/3) Crypt:3      Depths (4/4) D:15
    Zot (5/5) Depths:4     WizLab (visited)

Altars:
Ashenzari
Cheibriados
Dithmenos
Elyvilon
Fedhas
Gozag
Hepliaklqana
Kikubaaqudgha
Makhleb
Nemelex Xobeh
Okawaru
Qazlal
Ru
Sif Muna
Trog
Uskayaw
Vehumet
Wu Jian
Xom
Yredelemnul
Zin
The Shining One
Jiyva

Shops:
D:2 (   Orc:2 [*[=   Elf:1 *(![   Vaults:1 (   Vaults:2 (*:   Vaults:3 !
Vaults:4 *   Vaults:5 ?   Depths:4 :=:

Portals:
Hell: Depths:1 Depths:2 Depths:3 Depths:4
Abyss: Depths:3
Pandemonium: Depths:1 Depths:2 Depths:4
Ziggurat: Depths:4

Annotations:
D:1 exclusion: downstairs
D:9 exclusion: downstairs
Lair:1 exclusion: oklob plant
Slime:5 Royal Jelly
Elf:2 3 runed translucent doors
Vaults:2 3 runed translucent doors, 2 transporters
Depths:3 2 transporters, exclusion: obsidian statue
Zot:2 2 transporters

#.....# ######.[....##..#
#.....# ..#..##........##...
###..## . ###..............###..
#..###..#........##......# ##.
###.....................#### #.
#.#.####................# ##.
#...# #................#######..
#...###.#...................#...
##......###....@............#...
##..#......................#...
#...........#.2R.....######.#.
##.#..#.........#...##........
#.#.................#.......#
#...#.(..#.#.#.#....##'###..#
#..##....#.....##.#......#...
#........#.........#..>..#...
#........#.....#...#.....#.##


You could see the friendly Tenoch the knight (reflecting) and a cacodemon (ally
target).


Message History

Tenoch avoids your attack.
A door shatters!
You kill the orange demon!
A door shatters! x4
Ka-crash!
Unknown command.
The dungeon rumbles!
Tenoch avoids your attack.
Ka-crash!
The dungeon rumbles!
Tenoch avoids your attack.
A door shatters!
Ka-crash!
The dungeon rumbles!
Tenoch avoids your attack.
Ka-crash!
You don't have enough magic to cast this spell.
You don't have enough magic to cast this spell.
You don't have enough magic to cast this spell.
You don't have enough magic to cast this spell.
You start resting.
A cacodemon and 2 sixfirhies come into view.
The dungeon rumbles!
You kill the sixfirhy!
Tenoch avoids your attack.
You kill the sixfirhy!
The cacodemon is lightly wounded.
Ka-crash!
Unknown command.
You don't have enough magic to cast this spell.
Tenoch closely misses the cacodemon.
Tenoch barely misses the cacodemon.
You have escaped!

Skill      XL: |  1  2  3  4  5  6  7  8  9 10 11 12 13 14 15 16 17 18 19 20 21 22 23 24 25 26 27 |
---------------+----------------------------------------------------------------------------------+-----
Summonings     | 5 6 7 |  7.0
Spellcasting   | 4 5 6 8 10 11 12 13 15 19 | 19.0
Fighting       | 2 4 6 8 10 11 12 15 | 15.0
Hexes          | 2 4 5 |  5.0
Dodging        | 3 5 7 9 10 11 | 11.0
Air Magic      | 2 5 8 |  8.0
Invocations    | 6 7 10 | 10.0
Earth Magic    | 3 8 11 12 13 17 20 24 25 26 | 26.0
Conjurations   | 2 7 10 | 10.0
Ice Magic      | 2 7 8 10 | 10.0
Shields        | 5 12 15 | 15.0
Necromancy     | 4 8 12 13 14 18 23 | 23.3
Transmutations | 3 10 12 | 12.0
Stealth        | 6 10 | 10.0

Action                   |  1- 3 |  4- 6 |  7- 9 | 10-12 | 13-15 | 16-18 | 19-21 | 22-24 | 25-27 || total
-------------------------+-------+-------+-------+-------+-------+-------+-------+-------+-------++-------
Melee: Unarmed           |    31 |    17 |       |       |       |       |       |       |       ||    48
       Constrict         |    12 |     8 |    21 |    20 |    43 |    39 |    13 |    45 |    26 ||   227
       Tentacles         |    12 |     7 |    14 |    32 |    48 |    72 |    38 |    96 |   143 ||   462
       Dagger            |       |     4 |    50 |       |       |       |       |       |       ||    54
       Punch             |       |     1 |     1 |     3 |     5 |     5 |     1 |     2 |     6 ||    24
       Hand axe          |       |       |    23 |    37 |       |       |       |       |       ||    60
       Rapier            |       |       |       |    58 |   189 |   171 |   106 |   243 |   333 ||  1100
 Cast: Summon Small Mamm |    30 |    54 |    28 |     2 |       |     1 |     4 |       |       ||   119
       Call Canine Famil |     2 |    13 |    41 |    47 |    74 |     3 |       |     1 |       ||   181
       Summon Guardian G |       |       |    18 |    38 |    53 |     1 |     1 |       |       ||   111
       Summon Lightning  |       |       |       |    49 |    98 |    12 |       |     1 |       ||   160
       Freezing Cloud    |       |       |       |       |    41 |    56 |    19 |    11 |     2 ||   129
       Borgnjor's Vile C |       |       |       |       |     6 |   176 |   119 |   147 |   200 ||   648
       Lee's Rapid Decon |       |       |       |       |    19 |    36 |    25 |    94 |    15 ||   189
       Simulacrum        |       |       |       |       |       |    58 |    92 |    73 |     1 ||   224
       Statue Form       |       |       |       |       |       |     2 |    12 |    26 |    50 ||    90
       Shatter           |       |       |       |       |       |       |       |    53 |    86 ||   139
       Haunt             |       |       |       |       |       |       |       |       |   110 ||   110
       Infestation       |       |       |       |       |       |       |       |       |    19 ||    19
Invok: Ancestor Life: Kn |       |       |     1 |       |       |       |       |       |       ||     1
       Transference      |       |       |       |       |     2 |       |       |       |       ||     2
       Recall Ancestor   |       |       |       |       |     2 |     1 |       |     1 |    23 ||    27
       Idealise          |       |       |       |       |       |       |     1 |       |     8 ||     9
 Abil: End Transformatio |       |       |       |       |       |     1 |     2 |     1 |     1 ||     5
Evoke: Wand              |       |       |       |       |     1 |     4 |     1 |     2 |     1 ||     9
       Lightning rod     |       |       |       |       |       |       |       |       |     4 ||     4
       Condenser vane    |       |       |       |       |       |       |       |       |     1 ||     1
  Use: Scroll            |       |     1 |     7 |    13 |    10 |     9 |     4 |    16 |    21 ||    81
       Potion            |       |       |       |       |     2 |     6 |     1 |     7 |     4 ||    20
 Stab: Sleeping          |       |       |     7 |     2 |     1 |     2 |     1 |     2 |     2 ||    17
       Distracted        |       |       |       |     3 |     3 |     1 |     4 |     5 |    11 ||    27
Armor: Skin              |     1 |     2 |     4 |     7 |    33 |    65 |    73 |    81 |   270 ||   536
Dodge: Dodged            |    21 |    29 |    41 |    73 |   242 |   408 |   183 |   369 |   461 ||  1827
Block: Buckler           |       |       |       |       |     6 |    76 |     4 |       |       ||    86
       Kite shield       |       |       |       |       |       |       |   130 |   314 |   676 ||  1120
       Reflection        |       |       |       |       |       |       |       |       |    44 ||    44

Levels and vault maps discovered:
D:1:      dpeg_arrival_houses_and_road, layout_rooms, basic_ecumenical_altar
D:2:      layout_loops_ring, serial_shops, nicolae_shop_waterfront
D:3:      layout_basic, minmay_misc_feat_alley, uniq_robin
D:4:      layout_basic, lightli_sewer_entry_pipes
D:5:      layout_basic, grunt_gozag_statues, jmf_multi_god_temple
D:6:      layout_rooms, mainiacjoe_overflow_alcove_2, minmay_temple_entry_grid
D:7:      layout_loops_ring, trog_wizard, lemuel_crystal_altar
D:8:      layout_gridville
D:9:      layout_basic, lair_entry_dummy, minmay_crystal_room
D:10:     layout_stronghold, nicolae_uskayaw_murder_on_the_dancefloor,
          dk_noncrumbling_2, eino_house_with_fridge, uniq_psyche
D:11:     layout_basic, nicolae_trove_entry_crossroad, tgw_trog
D:12:     layout_layer_cave, erik_orc_4
D:13:     layout_basic
D:14:     layout_big_octagon, skrybe_vaults_entry_preservation,
          serial_park_square2
D:15:     grunt_enter_depths_magical_seal, layout_small_grid,
          amcnicky_mini_rare_corridor_liquid, elyvilon_altar_4, uniq_agnes,
          uniq_jorgrun, uniq_nessos
Temple:   eino_wide_crystal_templ
Lair:1:   layout_regular_city, lemuel_oklob_altar, grunt_megastairs_2
Lair:2:   layout_cave_shapes, grunt_megastairs_1
Lair:3:   layout_cave_pods, swamp_mist, spider_nest_entry_funnel_web
Lair:4:   layout_misc_corridors, kennysheep_basilisk_garden,
          serial_bayou_shore_a
Lair:5:   minmay_lair_end_enchanted_forest, layout_gridlike,
          nicolae_slime_entry_slimehenge, portal_ice_cave_entry_pillars_2,
          minmay_shattered_shrine
Swamp:1:  layout_basic_swamp, nicolae_swamp_big_swirl,
          infiniplex_staircase_pool_2
Swamp:2:  layout_basic_swamp, hangedman_swamp_pad, uniq_louise
Swamp:3:  layout_falls_marsh, hangedman_swamp_lotus, swamp_pool1,
          hangedman_swamp_ravenous
Swamp:4:  swamp_fiery, layout_basic_swamp
Spider:1: layout_spider_delve, nicolae_spider_swamp_cousins, uniq_josephine,
          uniq_roxanne, uniq_frances, uniq_aizul
Spider:2: layout_spider_delve
Spider:3: layout_spider_delve
Spider:4: grunt_spider_rune_circles, uniq_arachne
Slime:1:  layout_caves, cheibrodos_slime_lost_civilization_7
Slime:2:  layout_caves
Slime:3:  layout_caves
Slime:4:  layout_caves
Slime:5
Orc:1:    layout_caves
Orc:2:    st_orc_elflike, layout_diamond_mine
Elf:1:    layout_gridlike, infiniplex_enter_wizlab_glasses, serial_shops,
          nicolae_shop_crystal, hangedman_elf_disciples, minmay_shop_star
Elf:2:    nicolae_elf_blades_crystal_corner, layout_geoelf_diagonals,
          portal_desolation_entry_salt
Elf:3:    minmay_elf_hall_hex, layout_loops_cross, uniq_donald
Vaults:1: vaults_room_hallway, hangedman_vaults_unwind, v_misc_2, st_star,
          dpeg_vaults_monster_box, ontoclasm_vaults_bender,
          ontoclasm_vaults_ring_large, ontoclasm_vaults_decontamination,
          vaults_room_semicircle, nicolae_vaults_ring_of_whatevers,
          nicolae_vaults_what_the_h, layout_vaults_ring, serial_shops, shop
Vaults:2: ploomutoo_gammafunk_ghost_potion_laboratory,
          minmay_crypt_entry_simple_plaza, emtedronai_trogs_sanctum,
          nicolae_vaults_ring_of_whatevers, v_rooms_5, grunt_vaults_trifunnel,
          nicolae_vaults_big_ls, v_misc_17, nicolae_vaults_specimen_jars,
          v_alt_pattern_2, layout_vaults_maze, serial_shops,
          nicolae_lakefront_shop, shop, shop
Vaults:3: nicolae_vaults_octagons, vaults_room_hallway, v_misc_25,
          hangedman_vaults_slice, ontoclasm_vaults_tryst,
          ontoclasm_vaults_claustrophobia, v_misc_2, vaults_room_pool,
          grunt_vaults_twisty, layout_vaults_big_cross, serial_shops,
          nicolae_square_shop
Vaults:4: nicolae_vaults_rhombus_6, vaults_room_large_hall,
          nicolae_vaults_alarming, hangedman_vaults_nodes, v_misc_18,
          ontoclasm_vaults_pinch, nicolae_vaults_mini_display_case,
          hangedman_vaults_stretched_pinwheel, layout_vaults_omnigrid,
          serial_shops, nicolae_shop_statue_plus, uniq_margery
Vaults:5
Crypt:1:  layout_catacombs
Crypt:2:  lemuel_vampire_tower, layout_misc_corridors, special_room
          [special_room_morgue]
Crypt:3:  cryptofortress_bobbens, uniq_saint_roka
Depths:1: cheibrodos_tormentor_scu, layout_cave_pools, hell_entry,
          lemuel_coloured_pillars_altar, grunt_pan_entry_zigzag,
          minmay_misc_feat_diagonals, grunt_ministairs_8, drop_trap, zin_academy
Depths:2: cell_vault, layout_gridville, serial_shops, freezing_bzr,
          serial_sigils_hangedman_gut, rand_demon_pan_entry_9, hell_entry,
          minmay_staircase_bubble, firewood_loft
Depths:3: gammafunk_sealed_arena, layout_cave_pools, hellmouth_1, abyss_entry,
          nicolae_qazlal_style_of_elements, special_room
          [special_room_magic_class], amcnicky_mini_corridor_feature
Depths:4: evilmike_zot_entry_basic, layout_gridlike, enter_ziggurat_c,
          pan_entry, hell_entry, led_sif_pool, minmay_shop_grove, uniq_jory,
          uniq_parghit
Zot:1:    layout_basic, basic_altar, lemuel_flame_loot_1
Zot:2:    gammafunk_dig_for_victory, layout_gridlike, grunt_ministairs_12
Zot:3:    layout_basic
Zot:4:    grunt_twist_and_shout, layout_onion, skrybe_zot_glass_1
Zot:5:    layout_onion

Notes
Turn   | Place    | Note
-------+----------+-------------------------------------------
     0 | D:1      | Jackthecabe the Octopode Summoner began the quest for the
                  | Orb.
     0 | D:1      | Reached XP level 1. HP: 11/11 MP: 3/3
   339 | D:1      | Reached XP level 2. HP: 17/17 MP: 1/5
   666 | D:1      | Found a faded altar of an unknown god.
  1018 | D:2      | Identified the +0 robe of Tempters {Regen+ Dex+5}
  1103 | D:2      | Reached XP level 3. HP: 16/21 MP: 6/6
  1107 | D:2      | Learned a level 3 spell: Call Canine Familiar
  1201 | D:2      | Reached skill level 5 in Summonings
  1223 | D:2      | Found Lomukh's Weapon Shop.
  1425 | D:2      | Reached XP level 4. HP: 27/27 MP: 5/7
  2291 | D:3      | Reached skill level 6 in Summonings
  2291 | D:3      | Reached XP level 5. HP: 31/31 MP: 2/8
  2328 | D:3      | Noticed Robin
  2335 | D:3      | Killed Robin
  3247 | D:4      | Reached skill level 7 in Summonings
  3331 | D:4      | Reached XP level 6. HP: 36/36 MP: 9/9
  3451 | D:4      | Reached skill level 3 in Spellcasting
  3747 | D:4      | Reached skill level 4 in Spellcasting
  3825 | D:4      | Reached XP level 7. HP: 35/41 MP: 13/13
  4063 | D:4      | Learned a level 3 spell: Summon Guardian Golem
  4528 | D:4      | Reached skill level 1 in Fighting
  4528 | D:4      | Reached skill level 1 in Hexes
  4658 | D:4      | Reached skill level 5 in Spellcasting
  5057 | D:5      | Entered Level 5 of the Dungeon
  5080 | D:5      | Reached skill level 3 in Dodging
  5080 | D:5      | Reached skill level 2 in Hexes
  5199 | D:5      | Found a sparkling altar of Nemelex Xobeh.
  5201 | D:5      | Found a hazy altar of Hepliaklqana.
  5203 | D:5      | Reached skill level 2 in Fighting
  5216 | D:5      | Reached XP level 8. HP: 19/50 MP: 7/15
  5558 | D:5      | Found an opulent altar of Gozag.
  5605 | D:5      | Reached skill level 3 in Fighting
  5605 | D:5      | Reached skill level 3 in Hexes
  5606 | D:5      | Reached skill level 4 in Dodging
  5686 | D:5      | Became a worshipper of Hepliaklqana the Forgotten
  5768 | D:5      | Identified the amulet "Aluonuzu" {Spirit Rampage +Blink
                  | rPois}
  6457 | D:6      | Found a staircase to the Ecumenical Temple.
  6470 | Temple   | Entered the Ecumenical Temple
  6745 | D:6      | Identified the +7 hand axe of Terra Cotta {venom, Int+2
                  | SInv}
  6813 | D:6      | Reached skill level 4 in Fighting
  6813 | D:6      | Reached skill level 4 in Hexes
  7057 | D:6      | Found a glowing silver altar of Zin.
  7165 | D:7      | Found a shimmering altar of Xom.
  7412 | D:7      | Reached * piety under Hepliaklqana
  7646 | D:7      | You fall into a shaft and drop 2 floors!
  7646 | D:9      | Found a staircase to the Lair.
  7826 | D:8      | Noticed a wyvern
  7953 | D:8      | Reached skill level 5 in Dodging
  7953 | D:8      | Reached XP level 9. HP: 53/53 MP: 9/16
  8121 | D:7      | Found a bloodstained altar of Trog.
  8125 | D:7      | Noticed a wizard
  8130 | D:7      | Killed a wizard
  8286 | D:7      | Reached skill level 5 in Fighting
  8286 | D:7      | Reached skill level 5 in Hexes
  8848 | D:7      | Reached skill level 6 in Dodging
  8997 | D:7      | Reached ** piety under Hepliaklqana
  9046 | D:7      | Remembered your ancestor Tenoch as a knight
  9193 | D:8      | Learned a level 4 spell: Summon Lightning Spire
  9270 | D:8      | Reached skill level 6 in Fighting
  9320 | D:8      | Reached skill level 1 in Air Magic
  9518 | D:8      | Reached skill level 2 in Air Magic
  9931 | D:8      | Reached skill level 7 in Dodging
 10046 | D:9      | Reached XP level 10. HP: 62/62 MP: 13/17
 10165 | D:9      | Reached skill level 3 in Air Magic
 10285 | D:9      | Reached skill level 7 in Fighting
 10542 | D:9      | Reached *** piety under Hepliaklqana
 10811 | D:10     | Entered Level 10 of the Dungeon
 10818 | D:10     | Noticed Psyche
 10837 | D:10     | Killed Psyche
 10838 | D:10     | Reached skill level 4 in Air Magic
 10937 | D:10     | Found a hide-covered altar of Uskayaw.
 10980 | D:10     | Noticed a necromancer
 11000 | D:10     | Killed a necromancer
 11001 | D:10     | Reached skill level 8 in Dodging
 11568 | D:10     | Noticed a gargoyle
 11584 | D:10     | Killed a gargoyle
 11771 | D:10     | Noticed a kobold demonologist
 11780 | D:10     | Killed a kobold demonologist
 11781 | D:10     | Reached skill level 8 in Fighting
 11781 | D:10     | Reached skill level 5 in Air Magic
 12438 | D:11     | Noticed a two-headed ogre
 12448 | D:11     | Killed a two-headed ogre
 12449 | D:11     | Reached skill level 9 in Dodging
 12449 | D:11     | Reached XP level 11. HP: 70/70 MP: 15/18
 12512 | D:11     | Noticed a boulder beetle
 12512 | D:11     | Noticed a cyclops
 12575 | D:11     | Noticed a sun demon
 12576 | D:11     | Reached skill level 9 in Fighting
 12736 | D:11     | Noticed a sun demon
 12753 | D:11     | Noticed a sun demon
 12807 | D:11     | Found a portal to a secret trove of treasure.
 12883 | D:11     | Killed a boulder beetle
 12889 | D:11     | Killed a cyclops
 12890 | D:11     | Reached skill level 10 in Fighting
 12890 | D:11     | Reached skill level 10 in Dodging
 12951 | D:11     | Reached skill level 1 in Invocations
 13097 | D:11     | Noticed a moth of wrath
 13100 | D:11     | Found a bloodstained altar of Trog.
 13134 | D:11     | Identified the +5 rapier of Kismet {freeze, rF++ Int+6}
 13289 | D:11     | Reached skill level 2 in Invocations
 13397 | D:11     | Noticed an eight-headed hydra
 13405 | D:11     | Killed an eight-headed hydra
 13406 | D:11     | Reached skill level 3 in Invocations
 13498 | D:11     | Noticed a two-headed ogre
 13535 | D:11     | Reached skill level 4 in Invocations
 13564 | D:11     | Killed a two-headed ogre
 13565 | D:11     | Reached skill level 5 in Invocations
 13761 | Lair:1   | Entered Level 1 of the Lair of Beasts
 13767 | Lair:1   | Upgraded the game from 0.29.0-10-g45618ea6d2 to
                  | 0.29.0-11-gd7f09526c8
 13768 | Lair:1   | Reached **** piety under Hepliaklqana
 13787 | Lair:1   | Noticed a five-headed hydra
 13793 | Lair:1   | Killed a five-headed hydra
 13794 | Lair:1   | Reached skill level 6 in Invocations
 13800 | Lair:1   | Learned a level 5 spell: Lee's Rapid Deconstruction
 13806 | Lair:1   | Reached skill level 1 in Earth Magic
 13842 | Lair:1   | Identified the +10 rapier of Ysiu {drain, rF+ rC- Dex+2}
 13902 | Lair:1   | You fall into a shaft and drop 1 floor!
 14005 | Lair:1   | Reached skill level 2 in Earth Magic
 14170 | Lair:1   | Reached skill level 6 in Spellcasting
 14174 | Lair:1   | Reached skill level 3 in Earth Magic
 14176 | Lair:1   | Reached XP level 12. HP: 72/78 MP: 8/21
 14183 | Lair:1   | Reached skill level 4 in Earth Magic
 14211 | Lair:1   | Reached skill level 5 in Earth Magic
 14471 | Lair:1   | Found a broken altar of Ashenzari.
 14955 | Lair:2   | Reached skill level 6 in Earth Magic
 15079 | Lair:2   | Reached ***** piety under Hepliaklqana
 15185 | Lair:2   | Reached skill level 7 in Earth Magic
 15220 | Lair:2   | Reached skill level 8 in Earth Magic
 15336 | Lair:2   | Noticed a catoblepas
 15872 | Lair:2   | Killed a catoblepas
 16082 | Lair:3   | Reached skill level 11 in Fighting
 16273 | Lair:2   | Identified 2 scrolls of acquirement
 16273 | Lair:2   | Acquired a +2 hat
 16420 | Lair:2   | Acquired Jitite's Collected Works on Blows and Bruises and
                  | the Inferno
 16428 | Lair:2   | Learned a level 5 spell: Freezing Cloud
 16603 | Lair:3   | Found a hole to the Spider Nest.
 16906 | Lair:3   | Reached skill level 1 in Conjurations
 16906 | Lair:3   | Reached skill level 1 in Ice Magic
 17038 | Lair:3   | Found a staircase to the Swamp.
 17687 | Lair:4   | Reached skill level 2 in Conjurations
 17687 | Lair:4   | Reached skill level 2 in Ice Magic
 17918 | Lair:4   | Reached XP level 13. HP: 85/85 MP: 15/22
 18207 | Lair:4   | Reached skill level 3 in Conjurations
 18207 | Lair:4   | Reached skill level 3 in Ice Magic
 18669 | Lair:5   | Entered Level 5 of the Lair of Beasts
 18734 | Lair:5   | Reached skill level 4 in Conjurations
 18734 | Lair:5   | Reached skill level 4 in Ice Magic
 18737 | Lair:5   | Reached skill level 12 in Fighting
 19549 | Lair:5   | Reached skill level 5 in Conjurations
 19549 | Lair:5   | Reached skill level 5 in Ice Magic
 19891 | Lair:5   | Reached skill level 6 in Conjurations
 19891 | Lair:5   | Reached skill level 6 in Ice Magic
 20289 | Lair:5   | Reached skill level 7 in Ice Magic
 20440 | Lair:5   | Reached skill level 7 in Conjurations
 20549 | Lair:5   | Found a viscous altar of Jiyva.
 20551 | Lair:5   | Found a staircase to the Slime Pits.
 21297 | Lair:5   | Reached XP level 14. HP: 92/92 MP: 9/23
 21311 | Lair:5   | Reached skill level 8 in Conjurations
 21311 | Lair:5   | Reached skill level 8 in Ice Magic
 21800 | Lair:5   | Reached skill level 9 in Conjurations
 22971 | D:12     | Found a staircase to the Orcish Mines.
 23478 | D:12     | Reached skill level 6 in Air Magic
 24550 | Orc:1    | Entered Level 1 of the Orcish Mines
 24694 | Orc:1    | Reached skill level 10 in Conjurations
 25049 | Orc:2    | Entered Level 2 of the Orcish Mines
 25053 | Orc:1    | Paralysed by an orc sorcerer for 4 turns
 25253 | Orc:2    | Reached skill level 7 in Air Magic
 25808 | Orc:2    | Reached ****** piety under Hepliaklqana
 25936 | Orc:2    | Reached skill level 8 in Air Magic
 25949 | Orc:2    | Identified a +2 robe of the Archmagi
 26463 | Orc:2    | Reached skill level 7 in Spellcasting
 26872 | Orc:2    | Found Tantocer's Jewellery Shop.
 26872 | Orc:2    | Found Tacucel Wiun's Armour Shop.
 26873 | Orc:2    | Found Paavos's Assorted Antiques.
 26873 | Orc:2    | Found Fenyceo's Armour Shoppe.
 26910 | Orc:2    | Bought a scroll of identify for 48 gold pieces
 26977 | Orc:2    | Found a staircase to the Elven Halls.
 27035 | Orc:2    | Bought the ring of Law {rF+ Will++ Int+6} for 896 gold
                  | pieces
 27035 | Orc:2    | Bought a +4 ring of protection for 504 gold pieces
 27048 | Orc:2    | Bought a wand of quicksilver (4) for 403 gold pieces
 27048 | Orc:2    | Bought a brown potion for 21 gold pieces
 27048 | Orc:2    | Bought a sedimented golden potion for 21 gold pieces
 27503 | D:13     | Reached skill level 8 in Spellcasting
 27509 | D:13     | Learned a level 5 spell: Borgnjor's Vile Clutch
 27857 | D:13     | Reached skill level 7 in Invocations
 27917 | D:13     | Reached XP level 15. HP: 97/97 MP: 20/27
 28061 | D:13     | Identified the +7 spear of the Devouring Gods {flame,
                  | rCorr}
 28131 | D:13     | Reached skill level 8 in Invocations
 28749 | D:14     | Found a gate to the Vaults.
 28828 | D:14     | Reached skill level 9 in Invocations
 28877 | D:14     | Reached skill level 10 in Invocations
 29236 | D:14     | Reached skill level 9 in Spellcasting
 29401 | D:14     | Identified the +2 leather armour of the Peach {Will+ Regen+
                  | Int+4}
 29741 | D:15     | Entered Level 15 of the Dungeon
 29869 | D:15     | Noticed Jorgrun
 29882 | D:15     | Killed Jorgrun
 29886 | D:15     | Noticed Agnes
 30276 | D:15     | Reached skill level 10 in Spellcasting
 30353 | D:15     | Reached skill level 1 in Shields
 30359 | D:15     | Reached skill level 2 in Shields
 30377 | D:15     | Noticed Nessos
 30384 | D:15     | Killed Nessos
 30394 | D:15     | Reached skill level 3 in Shields
 30542 | D:15     | Killed Agnes
 30543 | D:15     | Reached skill level 4 in Shields
 30792 | D:15     | Identified the +1 chain mail of Going Fast {rN+}
 30932 | D:15     | Reached skill level 5 in Shields
 30985 | D:15     | Reached skill level 1 in Necromancy
 30995 | D:15     | Reached skill level 2 in Necromancy
 31124 | D:15     | Found a staircase to the Depths.
 31156 | D:15     | Found a white marble altar of Elyvilon.
 31452 | Swamp:1  | Entered Level 1 of the Swamp
 31460 | Swamp:1  | Reached skill level 3 in Necromancy
 31462 | Swamp:1  | Reached skill level 4 in Necromancy
 31919 | Swamp:1  | Reached XP level 16. HP: 102/102 MP: 15/30
 32070 | Swamp:1  | Identified the +0 pair of boots of Evolution {rC+}
 32326 | Swamp:1  | Reached skill level 5 in Necromancy
 32456 | Swamp:2  | Reached skill level 6 in Necromancy
 32601 | Swamp:2  | Noticed Louise
 32616 | Swamp:2  | Killed Louise
 32991 | Swamp:2  | Reached skill level 7 in Necromancy
 33845 | Swamp:3  | Reached skill level 8 in Necromancy
 34021 | Swamp:3  | Noticed a fenstrider witch
 34027 | Swamp:3  | Killed a fenstrider witch
 34661 | Swamp:3  | Reached skill level 13 in Fighting
 34715 | Swamp:3  | Paralysed by a hornet for 3 turns
 35374 | Swamp:3  | Reached skill level 14 in Fighting
 35470 | Swamp:4  | Entered Level 4 of the Swamp
 36587 | Swamp:4  | Reached skill level 15 in Fighting
 36717 | Swamp:4  | Reached XP level 17. HP: 110/114 MP: 25/31
 36933 | Swamp:4  | Got a decaying rune of Zot
 37146 | Swamp:4  | Reached skill level 11 in Dodging
 37802 | Spider:1 | Entered Level 1 of the Spider Nest
 37802 | Spider:1 | Noticed Frances
 37803 | Spider:1 | Noticed Aizul
 37815 | Lair:3   | Killed Frances
 37816 | Lair:3   | Reached skill level 9 in Necromancy
 38817 | Spider:1 | Killed Aizul
 39640 | Spider:1 | Reached skill level 10 in Necromancy
 40243 | Spider:1 | Noticed Josephine
 40249 | Spider:1 | Killed Josephine
 40519 | Spider:1 | Reached skill level 11 in Necromancy
 40526 | Spider:1 | Learned a level 6 spell: Simulacrum
 40974 | Spider:1 | Noticed Roxanne
 40980 | Spider:1 | Killed Roxanne
 41343 | Spider:2 | Acquired the +0 mask of the Dragon {Will+ Slay+3 SInv}
 41343 | Spider:2 | Found the +0 mask of the Dragon {Will+ Slay+3 SInv}
 41604 | Spider:2 | Reached skill level 12 in Necromancy
 42031 | Spider:2 | Identified the ring "Qerghula" {Drain rPois rF+++ rCorr
                  | Str-4}
 42584 | Spider:3 | Reached skill level 11 in Spellcasting
 42591 | Spider:3 | Learned a level 6 spell: Statue Form
 42696 | Spider:3 | Reached skill level 1 in Transmutations
 42721 | Spider:3 | Reached skill level 2 in Transmutations
 42795 | Spider:3 | Reached skill level 3 in Transmutations
 43004 | Spider:3 | Reached XP level 18. HP: 120/120 MP: 15/33
 43168 | Spider:3 | Reached skill level 4 in Transmutations
 43515 | Spider:3 | Reached skill level 5 in Transmutations
 43835 | Spider:4 | Entered Level 4 of the Spider Nest
 43864 | Spider:4 | Reached skill level 6 in Transmutations
 44048 | Spider:4 | Noticed Arachne
 44058 | Spider:4 | Killed Arachne
 44059 | Spider:4 | Reached skill level 7 in Transmutations
 44093 | Spider:4 | HP: 11/120 [spark wasp (13)]
 44094 | Spider:4 | HP: 4/120 [spark wasp/living lightning (20)]
 44736 | Spider:4 | Reached skill level 8 in Transmutations
 44798 | Spider:4 | Reached skill level 9 in Transmutations
 45261 | Spider:4 | Got a gossamer rune of Zot
 45395 | Spider:4 | Identified a potion of resistance
 45403 | Spider:4 | Identified a scarf of resistance
 45488 | Spider:4 | Reached skill level 10 in Transmutations
 46445 | Vaults:1 | Entered Level 1 of the Vaults
 46514 | Vaults:1 | Reached skill level 9 in Earth Magic
 47720 | Vaults:1 | Reached skill level 10 in Earth Magic
 48424 | Vaults:1 | Reached skill level 11 in Earth Magic
 48424 | Vaults:1 | Reached XP level 19. HP: 125/125 MP: 7/34
 48505 | Vaults:1 | Found Wawoavvuck's Weapon Boutique.
 48565 | Vaults:1 | Identified the ring "Rarogi" {rPois rF+ rCorr}
 48570 | Vaults:1 | Reached skill level 12 in Earth Magic
 48992 | Vaults:2 | Reached skill level 11 in Transmutations
 48999 | Vaults:2 | Noticed a curse skull
 49016 | Vaults:2 | Killed a curse skull
 49421 | Vaults:2 | Reached skill level 12 in Transmutations
 49643 | Vaults:2 | Found a staircase to the Crypt.
 49741 | Vaults:2 | Identified the amulet "Ysmiut" {Acrobat rElec rF+ Dex+2}
 49817 | Vaults:2 | Found Cotoy's Weapon Shop.
 50237 | Vaults:2 | Found a runed translucent gate.
 50237 | Vaults:2 | Noticed a tentacled monstrosity
 50237 | Vaults:2 | Noticed a tentacled monstrosity
 50238 | Vaults:2 | Found a runed translucent gate.
 50238 | Vaults:2 | Found a runed translucent gate.
 50297 | Vaults:2 | Found a transporter.
 50307 | Vaults:2 | Found a transporter.
 50435 | Vaults:2 | Found Paex's Book Boutique.
 50592 | Vaults:2 | Found Zediera's Assorted Antiques.
 50661 | Vaults:2 | Reached skill level 9 in Ice Magic
 50800 | Vaults:2 | Noticed a tentacled monstrosity
 51186 | Vaults:3 | Reached skill level 13 in Necromancy
 51564 | Vaults:3 | Reached skill level 10 in Ice Magic
 51567 | Vaults:3 | Reached XP level 20. HP: 123/130 MP: 7/35
 51711 | Vaults:3 | Found Ruseomuenk's Distillery.
 52148 | Vaults:3 | Reached skill level 14 in Necromancy
 52971 | Vaults:4 | Acquired the ring "Imnoguf" {rF- rN+ Will+++ rCorr Int+4}
 53074 | Vaults:4 | Reached skill level 6 in Shields
 53095 | Vaults:4 | Found Isantos's Assorted Antiques.
 53190 | Vaults:4 | Reached skill level 7 in Shields
 53198 | Vaults:4 | Noticed Margery
 53200 | Vaults:4 | Killed Margery
 53201 | Vaults:4 | Reached skill level 8 in Shields
 53597 | Vaults:4 | Reached skill level 9 in Shields
 54017 | Vaults:4 | Reached skill level 10 in Shields
 54120 | Vaults:4 | Reached skill level 11 in Shields
 55003 | Vaults:2 | Bought a book of Annihilations for 780 gold pieces
 55117 | Depths:1 | Entered Level 1 of the Depths
 55209 | Depths:1 | Reached skill level 12 in Shields
 55547 | Depths:1 | Reached XP level 21. HP: 135/135 MP: 15/36
 55627 | Depths:1 | Identified the +1 chain mail "Icwiuc" {rF- Will+ Str+2
                  | Int+2}
 55645 | Depths:1 | Reached skill level 13 in Shields
 55858 | Depths:1 | Found a gateway to Hell.
 55871 | Depths:1 | Found a glowing silver altar of Zin.
 56024 | Depths:1 | Found a hide-covered altar of Uskayaw.
 56713 | Depths:1 | Found a one-way gate leading to the halls of Pandemonium.
 56801 | Depths:1 | Reached skill level 14 in Shields
 57334 | Depths:2 | Found a flickering gateway to a bazaar.
 57348 | Bazaar   | Entered a bazaar
 57498 | Bazaar   | Found Evirghocw's Weapon Boutique.
 57502 | Bazaar   | Found Xishugh's Distillery.
 57502 | Bazaar   | Found Vomanatt's Book Boutique.
 57503 | Bazaar   | Found Plog's Antique Armour Boutique.
 57513 | Bazaar   | Bought a potion of haste for 120 gold pieces
 57513 | Bazaar   | Bought a potion of haste for 120 gold pieces
 57533 | Bazaar   | Bought a book of Beasts for 380 gold pieces
 57832 | Depths:2 | Reached skill level 15 in Shields
 58909 | Depths:2 | Noticed a juggernaut
 58926 | Depths:2 | Killed a juggernaut
 58973 | Depths:2 | Noticed a juggernaut
 58981 | Depths:2 | Killed a juggernaut
 58982 | Depths:2 | Reached skill level 13 in Earth Magic
 58998 | Depths:2 | Reached skill level 12 in Spellcasting
 59272 | Depths:2 | Noticed a caustic shrike
 59283 | Depths:2 | Killed a caustic shrike
 60278 | Depths:2 | Reached XP level 22. HP: 89/141 MP: 24/38
 61075 | Depths:2 | Found the +7 lajatang of Order {silver, rMut}
 61261 | Depths:3 | Reached skill level 14 in Earth Magic
 61536 | Depths:3 | Noticed an ancient lich
 61540 | Depths:3 | Reached skill level 13 in Spellcasting
 61561 | Depths:3 | HP: 8/141 [ancient lich/bolt of acid (21)]
 62070 | Depths:3 | Killed an ancient lich
 62635 | Depths:3 | Found a transporter.
 62657 | Depths:3 | Noticed a golden dragon
 62657 | Depths:3 | Noticed a juggernaut
 62661 | Depths:3 | Found a one-way gate to the infinite horrors of the Abyss.
 62663 | Depths:3 | Noticed a golden dragon
 62664 | Depths:3 | Noticed a caustic shrike
 62675 | Depths:3 | Found a stormy altar of Qazlal.
 62690 | Depths:3 | Found a transporter.
 62795 | Depths:3 | Got the Papyrus of Grisly Impurities
 62927 | Depths:4 | Entered Level 4 of the Depths
 62956 | Depths:4 | Learned a level 9 spell: Shatter
 62974 | Depths:4 | Noticed Parghit
 63492 | Depths:4 | Reached skill level 15 in Earth Magic
 63556 | Depths:4 | Found a gate to the Realm of Zot.
 63594 | Depths:4 | Identified the +10 short sword of the Dungeon {vorpal,
                  | *Corrode rC+ Str-3 Int+9}
 63664 | Depths:4 | Found Ysugytem's Book Emporium.
 63666 | Depths:4 | Found Fauhups's Jewellery Shop.
 63667 | Depths:4 | Found Zirghorul's Book Emporium.
 63743 | Depths:4 | Found a shimmering blue altar of Sif Muna.
 63795 | Depths:4 | Found a one-way gateway to a ziggurat.
 64318 | Depths:4 | Killed Parghit
 64777 | Elf:1    | Entered Level 1 of the Elven Halls
 64780 | Elf:1    | Found Urokamm's Assorted Antiques.
 64782 | Elf:1    | Found Rotzo's Weapon Boutique.
 64788 | Elf:1    | Reached skill level 16 in Earth Magic
 64793 | Elf:1    | Found Hagifa's Distillery.
 64828 | Elf:1    | Found Sidgho's Antique Armour Shop.
 64912 | Elf:1    | Found a magical portal.
 64928 | WizLab   | Entered Tukima's Studio
 65062 | WizLab   | Noticed Jackthecabe's illusion
 65066 | WizLab   | Identified the +4 triple crossbow of Res Nullius {speed,
                  | rElec rC+ Str-3}
 66145 | Elf:1    | Reached skill level 17 in Earth Magic
 66632 | Elf:1    | Reached XP level 23. HP: 124/145 MP: 30/40
 66915 | Elf:1    | Identified the +6 halberd of Ypliohuk {flame, *Rage Str+3
                  | Dex+4}
 67842 | Elf:2    | Found a runed translucent gate.
 67843 | Elf:2    | Found a runed translucent gate.
 67843 | Elf:2    | Found a runed translucent gate.
 68035 | Elf:2    | Found a crumbling gateway.
 68386 | Elf:3    | Entered Level 3 of the Elven Halls
 68394 | Elf:3    | Reached skill level 18 in Earth Magic
 69580 | Elf:3    | Reached skill level 19 in Earth Magic
 69645 | Elf:3    | HP: 8/145 [deep elf high priest/damnation (28)]
 70793 | Elf:3    | Noticed Donald
 70808 | Elf:3    | Killed Donald
 70817 | Elf:3    | Identified the +7 hand axe of Calculation {venom, rC+ Int+5
                  | Dex+3}
 71060 | Elf:3    | Got the Cyclopedia of Allies
 71123 | Elf:3    | Identified the +4 dagger "Eviscerator" {flame, rElec}
 71195 | Elf:3    | Got Ifrar's Almanac of Hyperbolic Shapes
 71977 | Crypt:1  | Entered Level 1 of the Crypt
 72134 | Crypt:1  | Reached skill level 20 in Earth Magic
 73940 | Crypt:2  | Reached XP level 24. HP: 136/152 MP: 6/40
 74069 | Crypt:2  | Reached skill level 21 in Earth Magic
 74997 | Crypt:2  | Reached skill level 22 in Earth Magic
 75488 | Crypt:2  | Identified the amulet "Dakkeomm" {Reflect rN+ SH+5}
 75488 | Crypt:2  | Noticed Jory
 75504 | Crypt:2  | Killed Jory
 75964 | Crypt:2  | Found an ancient bone altar of Kikubaaqudgha.
 76320 | Crypt:3  | Entered Level 3 of the Crypt
 76775 | Crypt:3  | Reached skill level 23 in Earth Magic
 77100 | Crypt:3  | Noticed Saint Roka
 77106 | Crypt:3  | Killed Saint Roka
 77575 | Crypt:3  | Found a staircase to the Tomb.
 77608 | Crypt:3  | Noticed a dread lich
 77610 | Crypt:3  | Killed a dread lich
 78608 | Crypt:3  | Found a basalt altar of Yredelemnul.
 78945 | Crypt:3  | Identified the ring "Nuimn" {*Slow rF+ Str+6 Int+6}
 79310 | Vaults:5 | Entered Level 5 of the Vaults
 79312 | Vaults:5 | Reached skill level 24 in Earth Magic
 79312 | Vaults:5 | Reached XP level 25. HP: 156/156 MP: 30/40
 79991 | Vaults:5 | Noticed a dread lich
 79993 | Vaults:5 | Killed a dread lich
 79996 | Vaults:5 | Reached skill level 25 in Earth Magic
 80278 | Vaults:5 | Noticed a dread lich
 80439 | Vaults:5 | Reached skill level 14 in Spellcasting
 80442 | Vaults:5 | Killed a dread lich
 80835 | Vaults:5 | Reached skill level 15 in Spellcasting
 81101 | Vaults:5 | Identified the +0 hand axe of the Swamp {drain, Int+6}
 81122 | Vaults:5 | Identified the ring "Zemoliut" {*Slow Int+6 Dex+4}
 81355 | Vaults:5 | Identified the ring "Zoviotz" {rN++ rCorr}
 81453 | Vaults:5 | Identified the ring "Ishrokirea" {Ice Int+3}
 81455 | Vaults:5 | Identified the +6 short sword of Hesingiwu {vorpal, rElec
                  | rPois Will+}
 81846 | Vaults:5 | Found Cigiterch's Magic Scroll Shop.
 81862 | Vaults:5 | Bought a scroll of teleportation for 66 gold pieces
 81930 | Vaults:5 | Got a silver rune of Zot
 82192 | Vaults:5 | Identified the +2 leather armour of Kleptomania {rElec
                  | Will+}
 82677 | Depths:3 | Voluntarily entered the Abyss.
 82955 | Abyss:3  | Reached skill level 3 in Stealth
 82979 | Abyss:3  | Reached skill level 4 in Stealth
 82989 | Abyss:3  | Found a corrupted altar of Lugonu.
 83017 | Abyss:3  | Reached skill level 5 in Stealth
 83087 | Depths:3 | You pass through the gate.
 83087 | Depths:3 | Escaped the Abyss
 83531 | Depths:3 | Voluntarily entered the Abyss.
 83580 | Abyss:3  | Noticed an ancient lich
 83589 | Abyss:3  | Reached skill level 6 in Stealth
 83593 | Abyss:3  | Reached XP level 26. HP: 135/162 MP: 29/37
 83674 | Abyss:3  | Killed an ancient lich
 83675 | Abyss:3  | Reached skill level 7 in Stealth
 83675 | Abyss:3  | Reached skill level 26 in Earth Magic
 83734 | Abyss:3  | Reached skill level 8 in Stealth
 83749 | Abyss:3  | Got an abyssal rune of Zot
 83837 | Abyss:3  | Reached skill level 9 in Stealth
 83954 | Depths:3 | You pass through the gate.
 83954 | Depths:3 | Escaped the Abyss
 84573 | Slime:1  | Entered Level 1 of the Pits of Slime
 84590 | Slime:2  | Reached skill level 10 in Stealth
 84599 | Slime:2  | Learned a level 7 spell: Haunt
 84608 | Slime:2  | Learned a level 8 spell: Infestation
 85056 | Slime:2  | You fall into a shaft and drop 1 floor!
 85732 | Slime:4  | Reached skill level 15 in Necromancy
 85804 | Slime:5  | Entered Level 5 of the Pits of Slime
 86157 | Slime:5  | Reached skill level 16 in Necromancy
 86186 | Slime:5  | Noticed the Royal Jelly
 87449 | Slime:5  | Found a viscous altar of Jiyva.
 87450 | Slime:5  | Found the +0 pair of fencer's gloves {Riposte Dex+3}
 87465 | Slime:5  | Identified the +6 scale mail of the Battered Visions {rF+
                  | Str-5 Dex+3}
 87467 | Slime:5  | Got a slimy rune of Zot
 87497 | Slime:5  | HP: 13/162 [azure jelly[the Royal Jelly] (7)]
 88121 | D:11     | You showed the abyssal rune of Zot to enter a treasure
                  | trove
 88122 | Trove    | Entered a treasure trove
 88127 | Trove    | Found the +3 Elemental Staff {rElec rF++ rC++ AC+5}
 88142 | Trove    | Identified the +10 lajatang of Foul Odours {vorpal, Str+9}
 88143 | Trove    | Identified the ring of the Failed Coup {Fly Str+4}
 88145 | Trove    | Identified the ring "Kecocosut" {Drain rPois rN+ Str+4 SInv
                  | Stlth+}
 88391 | Zot:1    | Entered Level 1 of the Realm of Zot
 88680 | Zot:1    | Reached skill level 17 in Necromancy
 89281 | Zot:1    | Reached skill level 18 in Necromancy
 89739 | Zot:1    | Found a glowing golden altar of the Shining One.
 90489 | Zot:2    | Noticed a Killer Klown
 90491 | Zot:2    | Reached XP level 27. HP: 150/167 MP: 16/42
 90717 | Zot:2    | Found a transporter.
 90884 | Zot:2    | Reached skill level 19 in Necromancy
 91567 | Zot:2    | Found a transporter.
 92150 | Zot:2    | HP: 15/167 [white draconian stormcaller/blast of cold (17)]
 92775 | Zot:2    | Reached skill level 20 in Necromancy
 93362 | Zot:2    | Identified the ring "Wosaunlodi" {Fly rElec EV+4 Str-3}
 93729 | Zot:2    | Identified the ring "Otwoh" {rF+ AC+4 Str+3 Dex+4}
 93757 | Zot:2    | Noticed an orb of fire
 94519 | Zot:3    | Noticed an electric golem
 94522 | Zot:3    | Killed an electric golem
 94916 | Zot:3    | Noticed an electric golem
 94949 | Zot:3    | Killed an electric golem
 96114 | Zot:3    | You fall into a shaft and drop 1 floor!
 96150 | Zot:4    | Noticed a curse toe
 96152 | Zot:4    | Reached skill level 16 in Spellcasting
 96154 | Zot:4    | Killed a curse toe
 96556 | Zot:4    | Reached skill level 21 in Necromancy
 98946 | Zot:5    | Entered Level 5 of the Realm of Zot
100389 | Zot:5    | Reached skill level 17 in Spellcasting
101306 | Zot:5    | Noticed an electric golem
101314 | Zot:5    | Killed an electric golem
101336 | Zot:5    | Noticed an orb of fire
101343 | Zot:5    | Gained mutation: Your body sometimes deteriorates upon
                  | taking damage. [an orb of fire]
101345 | Zot:5    | Killed an orb of fire
101486 | Zot:5    | Noticed an orb of fire
101486 | Zot:5    | Noticed an electric golem
101494 | Zot:5    | Killed an orb of fire
101498 | Zot:5    | Killed an electric golem
101508 | Zot:5    | Reached skill level 22 in Necromancy
101527 | Zot:5    | Noticed an orb of fire
101756 | Zot:5    | Killed an orb of fire
101911 | Zot:5    | Noticed an ancient lich
101918 | Zot:5    | Killed an ancient lich
102378 | Zot:5    | Reached skill level 18 in Spellcasting
102407 | Zot:5    | Noticed an orb of fire
102415 | Zot:5    | Killed an orb of fire
102425 | Zot:5    | Noticed an orb of fire
102439 | Zot:5    | Gained mutation: You occasionally lose the ability to read
                  | scrolls when taking damage. [an orb of fire]
102442 | Zot:5    | Killed an orb of fire
102812 | Zot:5    | Noticed an orb of fire
102912 | Zot:5    | Killed an orb of fire
102915 | Zot:5    | Noticed an ancient lich
102920 | Zot:5    | Killed an ancient lich
103602 | Zot:5    | Noticed an orb of fire
103612 | Zot:5    | Killed an orb of fire
104497 | Zot:5    | Got the Orb of Zot
104674 | Zot:3    | Noticed Ufobaint the pandemonium lord
104681 | Zot:3    | Killed Ufobaint the pandemonium lord
104682 | Zot:3    | Reached skill level 23 in Necromancy
104992 | Zot:1    | Noticed Urchouci the pandemonium lord
105076 | Depths:4 | Noticed Toatat the pandemonium lord
105151 | Depths:3 | Noticed Xytzum the pandemonium lord
105176 | Depths:1 | Noticed Ucuwuvutt the pandemonium lord
105188 | Depths:1 | Killed Ucuwuvutt the pandemonium lord
105191 | Depths:1 | Gained mutation: You sometimes lose your temper in combat.
                  | [a cacodemon]
105336 | D:12     | Identified +2 pearl dragon scales
105336 | D:12     | Noticed a seraph
105515 | D:2      | Reached skill level 19 in Spellcasting
105595 | D:$      | Escaped with the Orb!

Vanquished Creatures
  3 dread liches
  A juggernaut (Depths:2)
  Parghit (Depths:4)
  Saint Roka (Crypt:3)
  A caustic shrike (Depths:2)
  2 golden dragons
  Jory (Crypt:2)
  A pandemonium lord (Depths:1)
  Arachne (Spider:4)
  2 bone dragons
  2 Tzitzimimeh (Depths:1)
  5 tentacled monstrosities
  An electric golem (Zot:5)
  A Hell Sentinel (Abyss:3)
  2 liches
  10 Orb Guardians
  A deep elf blademaster (Elf:3)
  2 deep elf master archers (Elf:3)
  A quicksilver dragon (Zot:1)
  5 death cobs
  13 acid blobs
  A tentacled starspawn (Abyss:2)
  An Executioner (Zot:3)
  2 sphinxes
  Frances (Lair:3)
  Roxanne (Spider:1)
  4 tengu reavers
  A strange machine (WizLab)
  Donald (Elf:3)
  7 draconian monks
  4 storm dragons
  5 shadow dragons
  A fenstrider witch (Swamp:3)
  7 draconian knights
  9 azure jellies
  An iron dragon (Vaults:5)
  A frost giant (shapeshifter) (Vaults:5)
  3 revenants
  An orc warlord (Vaults:4)
  3 frost giants
  4 deep elf sorcerers
  9 vault wardens
  A spectral caustic shrike (Crypt:2)
  2 ghost moths
  2 draconian scorchers (Zot:2)
  6 ghouls
  A cacodemon (Zot:2)
  A juggernaut zombie (Depths:1)
  4 emperor scorpions
  Aizul (Spider:1)
  A balrug (Abyss:3)
  A deep elf elementalist (Elf:3)
  5 draconian stormcallers
  A draconian annihilator (Zot:1)
  2 draconian shifters
  8 ironbound preservers
  A spriggan defender (Depths:4)
  5 war gargoyles
  4 stone giants
  3 quicksilver oozes (Slime:5)
  A juggernaut skeleton (Crypt:2)
  14 very ugly things
  3 ironbound thunderhulks
  12 green draconians
  2 deep elf annihilators
  A broodmother (Spider:1)
  4 eleionomae
  6 deep elf demonologists
  A demonspawn black sun (Zot:3)
  An entropy weaver (Spider:2)
  4 dire elephants
  7 vampire knights
  9 red draconians
  5 white draconians
  5 black draconians
  5 yellow draconians
  3 green deaths
  5 purple draconians
  5 spark wasps
  5 deep elf death magi
  2 eidola (Crypt:2)
  6 ettins
  3 crystal guardians (Crypt:3)
  8 jiangshi (Crypt:2)
  A mummy priest (Crypt:2)
  5 deep elf high priests
  A spectral spriggan (Crypt:2)
  3 fire dragons (Swamp:4)
  A spectral fenstrider witch (Crypt:2)
  4 yaktaur captains
  2 great orbs of eyes
  Josephine (Spider:1)
  2 ironbound frosthearts
  4 rakshasas (WizLab)
  27 vault guards
  3 boulder beetles
  2 spriggan air magi
  A caustic shrike simulacrum (Crypt:2)
  10 hydras
  2 hell beasts (Crypt:2)
  2 jorogumos (Spider:3)
  6 centaur warriors
  An ogre mage (Vaults:5)
  4 alligators
  A spriggan skeleton (Crypt:1)
  A naga warrior (Abyss:3)
  A deep troll shaman (Depths:4)
  5 deep troll earth magi
  4 spriggan berserkers
  17 dancing weapons
  2 orc high priests (Orc:2)
  A tengu warrior (Depths:3)
  2 vampire magi (Crypt:2)
  6 deep elf knights
  4 soul eaters
  10 hell knights
  3 sun demons
  2 wretched stars (Abyss:3)
  15 skeletal warriors
  A fire crab (Swamp:4)
  4 iron trolls
  A goliath frog (Swamp:2)
  A salamander mystic (Depths:3)
  3 shadow wraiths
  3 sixfirhies
  16 deep trolls
  2 sun moths
  2 pharaoh ants
  3 steelbarb worms
  An anaconda zombie (Abyss:3)
  5 spriggan druids
  6 swamp dragons
  5 orb spiders
  2 wizards
  A storm dragon skeleton (Depths:1)
  A shadow dragon zombie (Crypt:2)
  9 bog bodies
  7 deep elf archers
  13 ironbound convokers
  A shadow demon (Zot:3)
  An obsidian statue (Zot:5)
  2 lindwurms (Vaults:3)
  A spriggan simulacrum (Crypt:1)
  7 orc knights
  14 deep elf pyromancers
  11 necromancers
  A golden dragon skeleton (Depths:1)
  4 orc sorcerers
  11 deep elf zephyrmancers
  8 phantasmal warriors
  A will-o-the-wisp (Swamp:3)
  5 wolf spiders
  12 ugly things
  A shining eye (Slime:3)
  An iron dragon skeleton (Crypt:2)
  A manticore (shapeshifter) (Vaults:5)
  A stone giant zombie (Crypt:2)
  A salamander (Depths:3)
  12 moths of wrath
  A manticore (D:13)
  A worldbinder (Abyss:3)
  An elephant (shapeshifter) (Depths:3)
  A human skeleton (Vaults:4)
  3 black mambas
  A naga zombie (Crypt:3)
  A guardian serpent (Abyss:3)
  A dire elephant zombie (Crypt:3)
  5 vault sentinels
  A molten gargoyle (Swamp:4)
  An apocalypse crab (Abyss:3)
  A torpor snail (Lair:1)
  2 cane toads
  2 naga skeletons
  A grey draconian zombie (Crypt:2)
  An unseen horror (D:11)
  2 centaur skeletons
  3 orange demons
  2 efreet
  18 yaktaurs
  A hellion (Zot:4)
  A kobold demonologist (Elf:1)
  A dire elephant skeleton (Crypt:2)
  2 rime drakes
  A yaktaur (shapeshifter) (D:15)
  5 demonic crawlers
  An ancient zyme (Abyss:3)
  2 komodo dragons
  A hellwing (Depths:2)
  A red devil (Zot:3)
  A knight (WizLab)
  2 tengu conjurers
  2 silent spectres (Abyss:3)
  2 hydra zombies
  3 meliai (D:13)
  11 hornets
  5 tyrant leeches
  5 blink frogs
  7 tarantellas
  3 saltlings (Elf:2)
  2 harpy skeletons
  A death drake skeleton (Crypt:1)
  A raiju (Abyss:3)
  18 slime creatures
  8 jumping spiders
  A stone giant simulacrum (Crypt:1)
  28 flying skulls
  4 large abominations (Abyss:3)
  6 starcursed masses (Abyss:3)
  17 spriggans
  8 culicivoras
  3 ynoxinuls
  An air elemental (Elf:3)
  A wyvern (Lair:5)
  A water elemental (Elf:1)
  A wraith (D:14)
  A vampire (Abyss:3)
  7 yaks
  A black mamba skeleton (Crypt:2)
  4 golden eyes
  2 vampire mosquitoes
  2 basilisks
  A basilisk (shapeshifter) (Vaults:5)
  A swamp worm (shapeshifter) (D:15)
  10 redbacks
  2 nagas (Abyss:3)
  3 wargs
  10 swamp worms
  An acid dragon (D:12)
  3 water moccasins
  A floating eye (Abyss:3)
  5 swamp drakes
  A black bear (D:4)
  An ice beast (Abyss:3)
  15 orc warriors
  A sky beast (D:7)
  5 wolves
  An ogre (D:15)
  2 ettin simulacra (Crypt:2)
  2 boggarts
  An eye of devastation zombie (Crypt:2)
  6 centaurs
  A kobold brigand (D:12)
  A bullfrog (shapeshifter) (Vaults:5)
  3 bullfrogs
  5 necrophages
  A wyvern zombie (Crypt:2)
  3 small abominations
  An earth elemental (Elf:1)
  3 scorpions (D:6)
  3 killer bees (D:10)
  3 howler monkeys
  An electric eel (Spider:2)
  7 orc priests
  2 iguanas
  8 orc wizards
  3 hell rats (Lair:4)
  A polar bear simulacrum (D:10)
  A wolf simulacrum (D:10)
  2 gnolls (D:8)
  4 adders
  2 river rats (D:4)
  A shadow imp (D:6)
  A white imp (D:7)
  An ufetubus (Abyss:3)
  A lava snake zombie (Crypt:1)
  An adder skeleton (Crypt:1)
  6 worms
  A dart slug (D:3)
  23 orcs
  2 ball pythons
  An endoplasm (D:4)
  2 giant cockroaches (D:1)
  3 goblins
  2 hobgoblins (D:1)
  2 quokkas (D:1)
  A bat (D:2)
  A frilled lizard (D:3)
  A hobgoblin skeleton (Crypt:2)
  A hobgoblin zombie (Crypt:2)
  7 kobolds
  6 rats
1043 creatures vanquished.

Vanquished Creatures (collateral kills)
  4 ancient liches
  7 orbs of fire (Zot:5)
  A juggernaut (Depths:2)
  A shard shrike (Zot:2)
  Margery (Vaults:4)
  4 Killer Klowns (Zot:5)
  A curse toe (Zot:4)
  7 golden dragons
  A bone dragon (Abyss:3)
  3 electric golems
  A Brimstone Fiend (Zot:1)
  Jorgrun (D:15)
  A Hell Sentinel (Depths:1)
  7 tentacled monstrosities
  5 liches
  4 quicksilver dragons
  A deep elf blademaster (Elf:3)
  A titan (Vaults:5)
  20 Orb Guardians
  3 walking divine tomes
  2 walking frostbound tomes
  16 acid blobs
  A pandemonium lord (Zot:3)
  6 sphinxes
  4 death cobs
  7 shadow dragons
  2 tentacled starspawn (Abyss:3)
  Agnes (D:15)
  3 azure jellies
  4 tengu reavers
  12 storm dragons
  2 draconian knights (Zot:4)
  A fire giant (Vaults:5)
  4 draconian monks
  8 rockslimes
  A revenant (Crypt:2)
  9 vault wardens
  3 frost giants
  5 deep elf sorcerers
  4 emperor scorpions (Spider:4)
  A draconian scorcher (Zot:4)
  A cacodemon (Depths:1)
  5 ghost moths
  2 balrugs (Zot:2)
  An angel (Zot:2)
  Louise (Swamp:2)
  6 deep elf elementalists (Elf:3)
  6 draconian shifters
  A draconian stormcaller (Depths:4)
  A curse skull (Vaults:2)
  14 very ugly things
  8 quicksilver oozes
  A war gargoyle (Crypt:3)
  7 ironbound preservers
  A demonspawn corrupter (Zot:3)
  3 draconian annihilators
  3 ghouls
  A spriggan defender (Depths:3)
  A broodmother (Spider:4)
  8 stone giants
  7 green draconians
  5 ironbound thunderhulks
  10 black draconians
  Nessos (D:15)
  2 deep elf demonologists
  8 purple draconians
  8 white draconians
  7 vampire knights
  10 dire elephants
  2 bunyips (Swamp:4)
  3 entropy weavers
  6 red draconians
  A blizzard demon (Abyss:3)
  6 deep elf annihilators (Elf:3)
  8 spark wasps
  6 deep elf high priests (Elf:3)
  5 eidola (Crypt:2)
  6 yellow draconians
  A ragged hierophant (Elf:2)
  6 ettins
  7 yaktaur captains
  2 deep elf death magi (Elf:3)
  3 spectral spriggans (Crypt:2)
  10 fire dragons
  2 jiangshi (Crypt:2)
  4 great orbs of eyes
  7 rakshasas
  3 hell beasts
  A fenstrider witch zombie (Crypt:1)
  3 ice dragons
  3 boulder beetles
  11 hydras
  An ogre mage (D:15)
  4 vault guards
  2 spriggan air magi
  2 ghost crabs (Spider:1)
  7 ironbound frosthearts
  An anaconda (shapeshifter) (Depths:2)
  12 centaur warriors
  2 two-headed ogres
  2 death knights
  A catoblepas (Lair:2)
  3 alligators
  7 deep troll shamans
  5 deep troll earth magi
  A titan zombie (Crypt:2)
  3 tengu warriors
  4 vampire magi
  12 dancing weapons
  2 orc high priests (Orc:2)
  A spectral dire elephant (Crypt:2)
  3 spriggan berserkers
  3 soul eaters
  2 wretched stars (Abyss:3)
  5 sun demons
  4 deep elf knights
  10 hell knights
  A titan skeleton (Crypt:1)
  A pharaoh ant (Spider:4)
  5 iron trolls
  2 anaconda zombies
  3 sun moths
  3 shadow wraiths (Crypt:2)
  5 skeletal warriors
  6 flayed ghosts (Crypt:2)
  2 golden dragon zombies (Crypt:3)
  3 sixfirhies
  A fire crab (Swamp:4)
  7 orb spiders
  A shadow dragon zombie (Crypt:3)
  A spriggan druid (Swamp:2)
  5 steelbarb worms
  An orb spider (shapeshifter) (Vaults:1)
  3 swamp dragons (Swamp:4)
  4 starcursed masses (Abyss:3)
  44 deep trolls
  6 glowing orange brains
  A shadow demon (Zot:3)
  5 wizards
  3 bog bodies
  4 deep elf archers
  10 ironbound convokers
  7 necromancers
  8 phantasmal warriors
  A wolf spider zombie (D:15)
  15 deep elf pyromancers
  A harpy (Vaults:5)
  2 orc knights
  3 orc sorcerers
  6 deep elf zephyrmancers
  2 shining eyes
  4 lindwurms
  An iron dragon zombie (Crypt:2)
  23 ugly things
  14 wolf spiders
  5 cyclopes
  A will-o-the-wisp (Swamp:4)
  15 moths of wrath
  A fire giant skeleton (Depths:1)
  4 salamanders (Depths:3)
  A worldbinder (Abyss:3)
  A spectral centaur (Crypt:2)
  9 vault sentinels
  2 centaur zombies
  2 smoke demons
  2 stone giant skeletons
  4 black mambas
  A naga mage (D:15)
  A rust devil (Zot:3)
  2 eyes of devastation
  An orange demon (Depths:2)
  A naga zombie (Crypt:3)
  A centaur skeleton (D:15)
  2 gargoyles
  A minotaur zombie (Crypt:2)
  A torpor snail (Lair:5)
  A grey draconian zombie (Crypt:2)
  Psyche (D:10)
  3 cane toads
  2 naga skeletons
  7 komodo dragons
  An unseen horror (D:11)
  15 yaktaurs
  An efreet (D:14)
  9 demonic crawlers
  5 kobold demonologists
  4 freezing wraiths
  5 ancient zymes (Abyss:3)
  A yaktaur (shapeshifter) (Abyss:3)
  A spectral naga (Crypt:2)
  2 harpy zombies (Crypt:3)
  A tengu conjurer (Depths:1)
  A red devil (Depths:1)
  A knight (WizLab)
  An ice devil (Abyss:3)
  4 polar bears
  3 trolls
  A spectral harpy (Crypt:2)
  8 tyrant leeches
  11 hornets
  A tarantella zombie (Crypt:1)
  2 harpy skeletons
  9 tarantellas
  11 large abominations
  3 dream sheep (Lair:5)
  11 blink frogs
  73 slime creatures
  A snapping turtle (shapeshifter) (Depths:2)
  28 jumping spiders
  An air elemental (Elf:2)
  12 culicivoras
  8 flying skulls (Crypt:3)
  2 ettin skeletons
  11 spriggans
  A culicivora (shapeshifter) (Vaults:1)
  A dire elephant simulacrum (Crypt:2)
  2 shadows
  3 ynoxinuls (Abyss:3)
  6 basilisks
  4 water elementals (Depths:1)
  2 vampires
  3 wyverns
  A human (D:12)
  31 yaks
  5 wraiths
  A steam dragon (Swamp:4)
  12 vampire mosquitoes
  12 golden eyes
  36 redbacks
  5 neqoxecs
  3 chaos spawn (Abyss:3)
  A two-headed ogre zombie (Crypt:1)
  5 swamp worms
  A demonspawn zombie (Crypt:2)
  2 acid dragons
  2 wargs
  9 water moccasins
  6 swamp drakes
  An ogre skeleton (Vaults:4)
  10 orc warriors
  A swamp dragon zombie (Crypt:3)
  2 ice beasts
  11 wolves
  A boggart (Lair:5)
  An ettin simulacrum (Vaults:4)
  4 ogres
  5 black bears
  12 centaurs
  A hog zombie (Crypt:1)
  A phantom (D:5)
  4 small abominations (Abyss:3)
  A wyvern zombie (Crypt:1)
  3 scorpions
  3 kobold brigands
  10 bullfrogs
  2 earth elementals
  A naga simulacrum (Crypt:1)
  3 necrophages
  4 wights (D:9)
  A water moccasin skeleton (Crypt:2)
  A swamp dragon simulacrum (Crypt:1)
  10 killer bees
  A spriggan skeleton (Crypt:2)
  6 howler monkeys
  2 electric eels
  3 nameless horrors
  4 jellies
  A quasit (Abyss:3)
  An iron imp (Abyss:2)
  13 orc priests
  2 hounds
  A gnoll bouda (D:8)
  3 iguanas
  11 orc wizards
  A yak simulacrum (D:10)
  2 hell rats (Lair:4)
  3 polar bear simulacra (D:10)
  A wolf simulacrum (D:10)
  Robin (D:3)
  3 gnolls
  6 adders
  3 white imps
  3 ufetubi
  4 worms
  45 orcs
  3 ball pythons
  6 endoplasms
  4 hobgoblins
  15 kobolds
  2 quokkas
  3 bats
  15 goblins
  2 rats (D:4)
  2 river rat simulacra (D:10)
1457 creatures vanquished.

Vanquished Creatures (others)
  A draconian stormcaller (Zot:2)
  A deep elf sorcerer (Elf:3)
  A stone giant (Vaults:5)
  A black draconian (Zot:4)
  A yaktaur captain (Vaults:4)
  3 hydras
  3 centaur warriors
  2 two-headed ogres (D:11)
  A vampire mage (Depths:3)
  A deep elf archer (Elf:3)
  2 wizards
  A black mamba (Lair:1)
  A gargoyle (D:13)
  A cane toad (Lair:5)
  2 yaktaurs (Vaults:3)
  3 komodo dragons
  A dancing weapon (WizLab)
  A bloated husk (Swamp:3)
  3 slime creatures
  A dream sheep (Lair:5)
  5 spriggans (Lair:5)
  9 yaks
  A basilisk (Lair:3)
  An acid dragon (D:8)
  2 water moccasins
  3 swamp drakes (Swamp:4)
  3 black bears
  2 orc warriors
  2 ogres
  A boggart (Lair:5)
  11 wolves (Lair:5)
  A centaur (D:13)
  8 killer bees
  A gnoll bouda (D:7)
  A hound (D:7)
  49 knights
  A polar bear simulacrum (D:10)
  3 ancestors (D:7)
  2 gnolls (D:7)
  A quokka (D:15)
  A river rat simulacrum (D:10)
  A demonic plant (Abyss:3)
  10 foxfires (Swamp:4)
  22 fungi
  A lurking horror (Abyss:3)
  36 plants
  5 starspawn tentacles
214 creatures vanquished.

Grand Total: 2714 creatures vanquished

Table legend: (Time is in decaauts)
 A = Elapsed time spent in this place.
 B = Non-inter-level travel time spent in this place.
 C = Inter-level travel time spent in this place.
 D = Time resting spent in this place.
 E = Time spent auto-exploring this place.
 F = Levels seen in this place.
 G = Mean time per level.
                   A        B        C        D        E       F      G
               +--------+--------+--------+--------+--------+-----+--------+
         Total | 108547 | 102449 |   6098 |  37371 |  45975 |  63 | 1723.0 |
       Dungeon |  22315 |  19791 |   2524 |   3907 |  11666 |  15 | 1487.7 |
        Temple |     72 |     51 |     21 |      0 |     40 |   1 |   72.0 |
          Lair |  11663 |  10834 |    829 |   4489 |   4767 |   5 | 2332.6 |
         Swamp |   5789 |   5596 |    193 |   1848 |   2850 |   4 | 1447.2 |
   Spider Nest |   6423 |   6314 |    109 |   2326 |   2757 |   4 | 1605.8 |
    Slime Pits |   3644 |   3644 |      0 |   2655 |     58 |   5 |  728.8 |
  Orcish Mines |   2627 |   2425 |    202 |   1199 |    824 |   2 | 1313.5 |
   Elven Halls |   6153 |   5911 |    242 |   2159 |   2577 |   3 | 2051.0 |
        Vaults |  12083 |  11445 |    638 |   2572 |   6778 |   5 | 2416.6 |
         Crypt |   7633 |   7468 |    165 |   2923 |   3269 |   3 | 2544.3 |
        Depths |  10924 |  10102 |    822 |   4240 |   4057 |   4 | 2731.0 |
           Zot |  17132 |  16784 |    348 |   8378 |   6052 |   5 | 3426.4 |
         Abyss |   1014 |   1014 |      0 |    239 |      0 |   4 |  253.5 |
        Bazaar |    194 |    194 |      0 |      0 |    173 |   1 |  194.0 |
         Trove |     45 |     45 |      0 |      0 |     22 |   1 |   45.0 |
        Wizlab |    829 |    829 |      0 |    434 |     84 |   1 |  829.0 |
               +--------+--------+--------+--------+--------+-----+--------+

Top non-repeatable levels by time:
   Zot:5: 5519 daAuts
Depths:2: 4253 daAuts
  Lair:3: 3937 daAuts
Vaults:4: 3588 daAuts
   Zot:2: 3532 daAuts
  Lair:5: 3412 daAuts
   Zot:1: 3031 daAuts
 Crypt:3: 2808 daAuts
Spider:3: 2689 daAuts
   Elf:3: 2663 daAuts
Depths:3: 2651 daAuts
   Zot:4: 2619 daAuts
 Crypt:2: 2526 daAuts
   Zot:3: 2430 daAuts
    D:12: 2426 daAuts

Table legend:
 A = Non-vault XP
 B = Vault XP
 C = Vault XP percentage of total XP
 D = Non-vault monster count
 E = Vault monster count
 F = Vault count percentage of total count
                 A         B        C        D         E       F
            +---------+---------+-------+---------+---------+-------
      Total |  853705 |  691345 |  44.7 |    1609 |     893 |  35.7
            +---------+---------+-------+---------+---------+-------
        D:1 |      29 |       0 |   0.0 |      15 |       0 |   0.0
        D:2 |      67 |       0 |   0.0 |      16 |       0 |   0.0
        D:3 |      77 |      38 |  33.0 |      13 |      13 |  50.0
        D:4 |     782 |      97 |  11.0 |      35 |      16 |  31.4
        D:5 |     738 |     108 |  12.8 |      19 |       2 |   9.5
        D:6 |     326 |       0 |   0.0 |       6 |       0 |   0.0
        D:7 |    1076 |       0 |   0.0 |      19 |       0 |   0.0
        D:8 |    1154 |       0 |   0.0 |      16 |       0 |   0.0
        D:9 |    1146 |       0 |   0.0 |      23 |       0 |   0.0
       D:10 |    1573 |    1239 |  44.1 |      12 |      13 |  52.0
       D:11 |    6747 |      17 |   0.3 |      31 |       5 |  13.9
       D:12 |    7691 |     748 |   8.9 |      33 |      18 |  35.3
       D:13 |    8269 |       0 |   0.0 |      28 |       0 |   0.0
       D:14 |   11499 |    4083 |  26.2 |      27 |       9 |  25.0
       D:15 |    9680 |    9117 |  48.5 |      27 |      12 |  30.8
     Lair:1 |    4097 |    1824 |  30.8 |      15 |       7 |  31.8
     Lair:2 |    6136 |       0 |   0.0 |      27 |       0 |   0.0
     Lair:3 |    6971 |    1937 |  21.7 |      23 |       3 |  11.5
     Lair:4 |    3736 |     770 |  17.1 |      18 |       4 |  18.2
     Lair:5 |   12713 |   12363 |  49.3 |      58 |      62 |  51.7
    Swamp:1 |    7374 |       0 |   0.0 |      15 |       0 |   0.0
    Swamp:2 |   11605 |    1156 |   9.1 |      24 |       1 |   4.0
    Swamp:3 |   20125 |    6038 |  23.1 |      36 |      13 |  26.5
    Swamp:4 |    9870 |   14504 |  59.5 |      23 |      27 |  54.0
   Spider:1 |   11505 |    8695 |  43.0 |      28 |      21 |  42.9
   Spider:2 |   12012 |       0 |   0.0 |      39 |       0 |   0.0
   Spider:3 |   21069 |       0 |   0.0 |      52 |       0 |   0.0
   Spider:4 |   18586 |   20219 |  52.1 |      37 |      35 |  48.6
    Slime:2 |   12611 |       0 |   0.0 |      30 |       0 |   0.0
    Slime:3 |   12042 |       0 |   0.0 |      20 |       0 |   0.0
    Slime:4 |   13513 |    1572 |  10.4 |      17 |       1 |   5.6
    Slime:5 |   17279 |   12573 |  42.1 |      41 |      11 |  21.2
      Orc:1 |    1449 |       0 |   0.0 |      13 |       0 |   0.0
      Orc:2 |    3630 |    8239 |  69.4 |      27 |      25 |  48.1
      Elf:1 |   15887 |    4455 |  21.9 |      25 |       9 |  26.5
      Elf:2 |   10189 |    7499 |  42.4 |      17 |      11 |  39.3
      Elf:3 |   20086 |   41373 |  67.3 |      31 |      38 |  55.1
   Vaults:1 |   21022 |   17526 |  45.5 |      30 |      23 |  43.4
   Vaults:2 |   13907 |   29996 |  68.3 |      19 |      40 |  67.8
   Vaults:3 |   20053 |   18724 |  48.3 |      23 |      26 |  53.1
   Vaults:4 |   34523 |   23266 |  40.3 |      46 |      25 |  35.2
   Vaults:5 |   35315 |   89666 |  71.7 |      52 |      79 |  60.3
    Crypt:1 |   18439 |       0 |   0.0 |      32 |       0 |   0.0
    Crypt:2 |   30124 |   55908 |  65.0 |      46 |      71 |  60.7
    Crypt:3 |       0 |   59138 | 100.0 |       0 |      99 | 100.0
   Depths:1 |   41346 |   16927 |  29.0 |      54 |      18 |  25.0
   Depths:2 |   38597 |   33214 |  46.3 |      44 |      26 |  37.1
   Depths:3 |   22581 |   18794 |  45.4 |      30 |      19 |  38.8
   Depths:4 |   21562 |   11837 |  35.4 |      28 |       9 |  24.3
      Zot:1 |   49718 |       0 |   0.0 |      41 |       0 |   0.0
      Zot:2 |   60310 |   11165 |  15.6 |      52 |       8 |  13.3
      Zot:3 |   45304 |       0 |   0.0 |      38 |       0 |   0.0
      Zot:4 |   23593 |   20574 |  46.6 |      22 |      23 |  51.1
      Zot:5 |   30070 |  102423 |  77.3 |      23 |      42 |  64.6
    Abyss:2 |    2567 |       0 |   0.0 |       6 |       0 |   0.0
    Abyss:3 |   41335 |    6281 |  13.2 |      87 |      10 |  10.3
     WizLab |       0 |   17242 | 100.0 |       0 |      19 | 100.0
            +---------+---------+-------+---------+---------+-------
